 Dungeon Crawl Stone Soup version 0.16.2-12-gd0ad4c3 (webtiles) character file.

93 4thArraOfDagon the Skirmisher (level 4, 0/45 HPs)
             Began as a Deep Dwarf Monk on Aug 6, 2016.
             Killed from afar by an electric eel (7 damage)
             ... with a bolt of electricity
             ... on level 6 of the Dungeon.
             The game lasted 00:04:21 (686 turns).

4thArraOfDagon the Skirmisher (Deep Dwarf Monk)      Turns: 686, Time: 00:04:21

Health: 0/45       AC:  9    Str: 15    XL:     4   Next: 37%
Magic:  4/4        EV:  7    Int: 11    God:
Gold:   14         SH:  0    Dex: 15    Spells: 0 memorised, 3 levels left

rFire  . . .     SeeInvis .       - Unarmed
rCold  . . .     Clarity  .     l - +0 chain mail
rNeg   . . .     SustAb   .     (no shield)
rPois  .         Gourm    .     (no helmet)
rElec  .         Spirit   .     (no cloak)
rCorr  .         Warding  .     (no gloves)
rMut   .         Stasis   .     j - +0 pair of boots
MR     .....                    (no amulet)
Stlth  ..........               (no ring)
                                (no ring)

@: non-regenerating, not resistant to hostile enchantments, extremely unstealthy
A: damage resistance, recharge devices, sense surroundings 1, slow healing 3
a: Device Recharging


You were on level 6 of the Dungeon.
You were not hungry.

You visited 1 branch of the dungeon, and saw 6 of its levels.

You collected 14 gold pieces.

Inventory:

Hand weapons
 m - a +0 blowgun
Armour
 a - a +0 robe
 j - a +0 pair of boots (worn)
 l - a +0 chain mail (worn)
Magical devices
 b - a wand of heal wounds (3)
Scrolls
 e - a scroll of teleportation {unknown}
 h - a scroll of random uselessness {unknown}
 i - a scroll of recharging {unknown}
 n - a scroll of amnesia {unknown}
 o - 2 scrolls of identify {unknown}
Potions
 d - a potion of cancellation {unknown}
 f - a potion of curing
 g - a potion of cure mutation {unknown}
 k - a potion of mutation {unknown}
 p - a potion of restore abilities {unknown}
Comestibles
 c - 3 bread rations


   Skills:
 + Level 4.5 Fighting
 + Level 1.3 Armour
 - Level 3.2 Dodging
 - Level 2.4 Stealth
 - Level 3.6 Unarmed Combat


You had 3 spell levels left.
You didn't know any spells.

Dungeon Overview and Level Annotations

Branches:
Dungeon (6/15)
 Temple: D:4-7

Altars:


Innate Abilities, Weirdness & Mutations

You are resistant to damage.
You can recharge devices by infusing magical energy.
You passively map a small area around you.
You do not heal naturally.


Message History

You hit the jackal zombie.
The jackal zombie bites you but does no damage.
You hit the jackal zombie.
The jackal zombie bites you but does no damage. x2
You hit the jackal zombie. The jackal zombie barely misses you.
You hit the jackal zombie.
You destroy the jackal zombie!
A bat comes into view.
Found 24 gold pieces.
Unknown command.
Unknown command.
You closely miss the bat. The bat barely misses you.
The bat hits you but does no damage.
You hit the bat.
You kill the bat!
You now have 14 gold pieces.
An electric eel comes into view.
The electric eel shoots out a bolt of lightning at you!
The bolt of electricity hits you!
You die...

., #.#.### # *
###########.#....
#####............#*
.................#
......##########.###
.. ####..#
#...##.#** #..#
#......# #..#
#...#### , #..#
#@.## * #..# #..#
#..# #.$#* * #..#
#..#* #..# ...# * *
, , #..# * , .... ,
* ≈.≈≈ , ;.≈ ≈


You could see an electric eel.

Vanquished Creatures
  A centaur skeleton (D:5)
  3 gnolls (D:5)
  An adder (D:3)
  An orc (D:5)
  2 bats
  3 hobgoblins
  7 jackals
  A quokka (D:3)
  2 giant newts
  2 goblins
  A jackal zombie (D:6)
  5 kobolds
  A rat (D:5)
30 creatures vanquished.

Notes
Turn   | Place    | Note
--------------------------------------------------------------
     0 | D:1      | 4thArraOfDagon, the Deep Dwarf Monk, began the quest for the Orb.
     0 | D:1      | Reached XP level 1. HP: 20/20 MP: 1/1
   240 | D:3      | Reached XP level 2. HP: 17/28 MP: 2/2
   364 | D:4      | Noticed a scorpion
   396 | D:5      | Entered Level 5 of the Dungeon
   475 | D:5      | Reached skill level 4 in Fighting
   475 | D:5      | Reached XP level 3. HP: 28/36 MP: 3/3
   564 | D:4      | :(
   564 | D:4      | RIP
   571 | D:5      | RIP wand
   577 | D:5      | Reached XP level 4. HP: 24/45 MP: 4/4
   586 | D:5      | Reached skill level 1 in Armour
   686 | D:6      | Killed from afar by an electric eel

Action                   |  1- 3 |  4- 6 || total
-------------------------+-------+-------++-------
Melee: Unarmed           |   113 |    34 ||   147
 Fire: Blowgun           |    10 |       ||    10
Evoke: Wand              |     2 |       ||     2
  Use: Potion            |     2 |       ||     2
 Stab: Sleeping          |     1 |       ||     1
